AoeStats
← chenya_ko

Arabia

509773849Analyzed
1v1 RM · 6d ago on Sep 28, 2026· 51m 25s· 2 players
Game mode
Random Map
Map size
Tiny (2 player)
Population
200
Speed
Normal
Resources
Standard
Victory
Conquest
Starting age
Dark Age
Ending age
Imperial Age
RankedLock teamsTeams togetherTeam positionsShared explorationLock speedFull tech treeHidden civsTurbo modeCheats
Victory
Defeat
🇹🇼 Japanese · Taiwan
1154
+16
🇧🇷 Malians · Brazil
1146
-16
[GG] Trezeguet
7:17 Loom
9:41 Feudal Age
11:37 Man-at-Arms
19:15 Horse Collar
23:28 Castle Age
21:34 Gold Mining
22:06 Scale Barding Armor
22:01 Scale Mail Armor
22:24 Bloodlines
22:43 Scale Mail Armor
24:46 Wheelbarrow
25:17 Double-Bit Axe
26:13 Forging
26:46 Bow Saw
26:40 Heavy Plow
32:13 Husbandry
31:34 Light Cavalry
43:07 Imperial Age
40:52 Hand Cart
41:30 Gold Shaft Mining
44:14 Chain Mail Armor
44:20 Chain Barding Armor
43:51 Fletching
44:02 Padded Archer Armor
48:48 Plate Mail Armor
48:54 Iron Casting
48:15 Bodkin Arrow
chenya_ko
1:28 Loom
10:15 Feudal Age
10:34 Man-at-Arms
12:58 Double-Bit Axe
13:54 Fletching
17:31 Wheelbarrow
23:07 Castle Age
21:10 Arson
21:46 Forging
21:47 Gold Mining
21:42 Horse Collar
22:39 Scale Mail Armor
22:42 Padded Archer Armor
23:13 Long Swordsman
23:40 Gambesons
23:22 Elite Skirmisher
24:12 Squires
24:49 Bow Saw
26:46 Iron Casting
26:12 Town Watch
27:05 Pikeman
29:57 Chain Mail Armor
31:09 Gold Shaft Mining
30:25 Stone Mining
31:33 Heavy Plow
32:05 Bodkin Arrow
33:35 Leather Archer Armor
37:15 Ballistics
40:36 Imperial Age
38:23 Hand Cart
41:15 Masonry
40:40 Two-Handed Swordsman
41:57 Plate Mail Armor
41:28 Bracer
42:31 Chemistry
43:11 Two-Man Saw
43:24 Blast Furnace
43:05 Champion
49:25 Ring Archer Armor
48:44 Halberdier
Connection lost

Rejoining the realm…

Still unreachable

The connection could not be restored.

Session expired

The server has moved on; the page needs a fresh start.